 Dungeon Crawl Stone Soup version 0.31-a0-854-g362426d53f (webtiles) character file.

Game seed: 6465757785417418120

556 Kurtz the Sneak (level 7, -3/64 HPs)
             Began as a Naga Delver on Oct 8, 2023.
             Slain by an orc priest
             ... wielding a +0 whip
              (5 damage)
             ... on level 4 of the Dungeon.
             The game lasted 00:03:30 (3688 turns).

Kurtz the Sneak (Naga Delver)                       Turns: 3688, Time: 00:03:31

Health: -3/64      AC:  9    Str: 20    XL:     7   Next: 30%
Magic:  7/7        EV:  7    Int: 10    God:
Gold:   198        SH:  0    Dex: 15    Spells: 6/6 levels left

rFire   . . .        h - +1 flail (holy)
rCold   . . .        (no shield)
rNeg    . . .        n - +0 chain mail {Will+}
rPois   +            l - +1 hat
rElec   .            (no cloak)
rCorr   .            y - +0 pair of gloves
SInv    +            (no barding)
Will    ++...        (no amulet)
Stlth   +            v - +6 ring of strength
HPRegen 0.30/turn    w - ring of willpower
MPRegen 0.10/turn

%: no passive effects
@: very slow
A: AC +2, large, see invisible, deformed body, poison resistance, slowness 2,
spit poison 1, naga tail 1, mutation resistance 1
a: Spit Poison


You were on level 4 of the Dungeon.
You visited 1 branch of the dungeon, and saw 5 of its levels.

You collected 198 gold pieces.

Inventory:

Hand Weapons
 a - a +0 hand axe
 h - a +1 flail of holy wrath (weapon)
Missiles
 j - 3 poisoned darts
Armour
 b - a +0 leather armour
 k - a +0 scale mail
 l - a +1 hat (worn)
 n - a +0 chain mail of willpower (worn)
 y - a +0 pair of gloves (worn)
Jewellery
 v - a +6 ring of strength (left hand)
 w - a ring of willpower (right hand)
 F - an amulet of the acrobat
Wands
 f - a wand of light (11)
 g - a wand of digging (3)
 x - a wand of flame (29)
Scrolls
 c - a scroll of fog
 d - a scroll of revelation
 e - 2 scrolls of fear
 i - a scroll of enchant armour {unknown}
 p - 3 scrolls of noise {unknown}
 r - a scroll of poison {unknown}
 s - a scroll of teleportation {unknown}
 t - 4 scrolls of identify {unknown}
 u - 3 scrolls of torment {unknown}
 A - a scroll of silence {unknown}
Potions
 m - a potion of enlightenment
 q - a potion of brilliance {unknown}
 z - 2 potions of degeneration {unknown}
 B - 2 potions of lignification {unknown}
 C - a potion of attraction {unknown}
 E - a potion of heal wounds {unknown}


   Skills:
 * Level 4.0 Fighting
 - Level 5.3 Axes
 * Level 3.3 Armour
 * Level 2.3 Dodging
 - Level 7.2 Stealth


You had 6 spell levels left.
You didn't know any spells.
Your spell library contained the following spells:

 Spells                   Type           Power      Damage    Failure   Level
 Call Canine Familiar     Summ           0%         N/A       100%        3
 Sigil of Binding         Hex            0%         N/A       100%        3
 Volatile Blastmotes      Fire/Tloc      0%         2d10      100%        3
 Dimensional Bullseye     Hex/Tloc       0%         N/A       100%        4
 Fulminant Prism          Conj/Hex       0%         3d5       100%        4
 Iskenderun's Mystic Bla  Conj/Tloc      0%         2d3       100%        4
 Leda's Liquefaction      Hex/Erth       0%         N/A       100%        4


Dungeon Overview and Level Annotations

Branches:
Dungeon (5/15)
 Temple: D:4-7

Altars:
Makhleb

Shops:
D:2 :   D:4 [

Annotations:
D:4 exclusion: 2 killer bees


Innate Abilities, Weirdness & Mutations

Your serpentine skin is tough. (AC +2)
You have supernaturally acute eyesight. (SInv)
Armour fits poorly on your strangely shaped body.
Your system is resistant to poisons. (rPois)
You cover ground very slowly.
You can spit poison.
You have a snake-like lower body.
You are somewhat resistant to further mutation.


Message History

The orc priest hits you but does no damage.
You barely miss the orc priest.
The orc priest invokes the aid of Beogh against you.
You resist with almost no effort.
The orc priest hits you but does no damage.
Unknown command.
You closely miss the orc priest. The orc priest barely misses you.
The orc priest hits you but does no damage.
You hit the orc priest.
The orc priest is lightly wounded.
The orc priest hits you but does no damage.
The orc priest barely misses you.
Unknown command.
You hit the orc priest.
The orc priest is moderately wounded.
The orc priest hits you with a +0 hand axe.
The orc priest hits you but does no damage.
The orc priest barely misses you. x2
You completely miss the orc priest.
The orc priest is moderately wounded.
The orc priest closely misses you. The orc priest barely misses you.
Unknown command.
You sock the orc priest!
You kill the orc priest!
The orc priest hits you with a +0 whip.
* * * LOW HITPOINT WARNING * * *
The orc priest hits you but does no damage.
Things that are here:
a +0 hand axe; an orc corpse Unknown command.
You barely miss the orc priest.
The orc priest mumbles some strange prayers to Beogh against you.
Beogh smites you!
* * * LOW HITPOINT WARNING * * *
The orc priest hits you with a +0 whip.
* * * LOW HITPOINT WARNING * * *
You sock the orc priest!
The orc priest is severely wounded.
The orc priest hits you with a +0 whip.
You die...

## ### .
..#
#.#.# #
#.#.##.#
#.)@o..#
###)####
#.# #.#
###.#
#...#
#.###
#.##
....
#..#


You could see an orc priest.

Vanquished Creatures
  Sigmund (D:3)
  A scorpion (D:2)
  3 orc priests
  A hound (D:3)
  A jelly (D:4)
  Ijyb (D:3)
  Robin (D:3)
  4 gnolls
  3 adders
  A dart slug (D:3)
  8 orcs
  8 ball pythons
  6 bats
  4 endoplasms
  A giant cockroach (D:2)
  16 goblins
  6 hobgoblins
  2 quokkas
  3 frilled lizards
  6 kobolds
  9 rats
86 creatures vanquished.

Notes
Turn   | Place    | Note
-------+----------+-------------------------------------------
     0 | D:5      | Kurtz the Naga Delver began the quest for the Orb.
     0 | D:5      | Reached XP level 1. HP: 21/21 MP: 1/1
    50 | D:5      | Reached XP level 2. HP: 19/28 MP: 2/2
    56 | D:4      | Found Gilus's Armour Shop.
    91 | D:4      | Reached XP level 3. HP: 32/34 MP: 3/3
   106 | D:4      | Noticed a killer bee
   106 | D:4      | Noticed a killer bee
   192 | D:2      | Found Gulis's Book Boutique.
   325 | D:2      | Noticed a scorpion
   337 | D:2      | Killed a scorpion
   338 | D:2      | Reached XP level 4. HP: 25/42 MP: 4/4
   689 | D:1      | Reached skill level 5 in Axes
   689 | D:1      | Reached XP level 5. HP: 30/49 MP: 5/5
  2309 | D:3      | Found a burning altar of Makhleb.
  2326 | D:3      | Noticed Sigmund
  2332 | D:3      | Killed Sigmund
  2333 | D:3      | Reached XP level 6. HP: 36/56 MP: 6/6
  2434 | D:3      | Found a faded altar of an unknown god.
  2795 | D:3      | Noticed Ijyb
  2803 | D:3      | Gained mutation: You are somewhat resistant to further
                  | mutation. [potion of mutation]
  2814 | D:3      | Killed Ijyb
  2815 | D:3      | Reached XP level 7. HP: 14/63 MP: 7/7
  3017 | D:3      | Noticed Robin
  3022 | D:3      | Killed Robin
  3687 | D:4      | HP: 1/64 [orc priest/+0 whip (4)]
  3688 | D:4      | Slain by an orc priest

Illustrated notes

Levels and vault maps discovered:
D:1:      dpeg_arrival_brainrot, layout_loops_corners, minmay_tall_x
D:2:      layout_basic, serial_shops, shop
D:3:      layout_loops_corners, bloody_makhleb,
          hellmonk_ecumenical_altar_run_dry, serial_bayou_lagoon_a,
          dk_vineyard_3, uniq_robin, uniq_ijyb, uniq_sigmund
D:4:      layout_loops_cross, grunt_temple_overflow_open,
          minmay_temple_entry_hall, serial_shops, nicolae_shop_rolled_up,
          nicolae_lakefront_shop, nicolae_take_the_stairs, shop,
          hangedman_abyss_or_decor_stabs
D:5:      layout_loops_ring, gammafunk_ghost_hive, uniq_grinder

Skill      XL: |  1  2  3  4  5  6  7 |
---------------+----------------------+-----
Axes           | 3 4 5 |  5.3
Armour         | 2 3 |  3.3
Dodging        | 2 |  2.3
Fighting       | 4 |  4.0
Stealth        | |  7.2

Action                     |  1- 3 |  4- 6 |  7- 9 || total
---------------------------+-------+-------+-------++-------
  Melee: Flail             |    19 |   133 |    61 ||   213
         Punch             |       |       |     1 ||     1
Ability: Spit Poison       |     5 |     2 |       ||     7
    Use: Potion            |       |     5 |       ||     5
   Stab: Sleeping          |     3 |     3 |       ||     6
 Armour: Leather armour    |     6 |       |       ||     6
         Scale mail        |     5 |    19 |       ||    24
         Chain mail        |       |   126 |    83 ||   209
  Dodge: Dodged            |     9 |    48 |    19 ||    76

Table legend: (Time is in decaauts)
 A = Elapsed time spent in this place.
 B = Non-inter-level travel time spent in this place.
 C = Inter-level travel time spent in this place.
 D = Time resting spent in this place.
 E = Time spent auto-exploring this place.
 F = Levels seen in this place.
 G = Mean time per level.
                   A        B        C        D        E       F      G
               +--------+--------+--------+--------+--------+-----+--------+
         Total |   4711 |   4534 |    177 |    398 |   3430 |   5 |  942.2 |
       Dungeon |   4711 |   4534 |    177 |    398 |   3430 |   5 |  942.2 |
               +--------+--------+--------+--------+--------+-----+--------+

Top non-repeatable levels by time:
     D:3: 1793 daAuts
     D:1: 1502 daAuts
     D:2: 1135 daAuts
     D:4: 176 daAuts
     D:5: 102 daAuts
